 Dungeon Crawl Stone Soup version 0.16.1-29-g3e760ad (webtiles) character file.

338 Yawgmoth the Digger (level 6, -6/32 HPs)
             Began as a Gargoyle Earth Elementalist on June 11, 2015.
             Mangled by a gnoll
             ... wielding a +0 halberd
              (8 damage)
             ... on level 3 of the Dungeon.
             The game lasted 00:40:30 (4437 turns).

Yawgmoth the Digger (Gargoyle Earth Elementalist)   Turns: 4437, Time: 00:40:30

Health: -6/32      AC:  7    Str: 12    XL:     6   Next: 55%
Magic:  12/15      EV: 11    Int: 17    God:
Gold:   153        SH:  0    Dex: 10    Spells: 1 memorised, 12 levels left

rFire  . . .     SeeInvis .     p - +2 dagger (flame)
rCold  . . .     Clarity  .     u - -1 leather armour (curse)
rNeg   + . .     SustAb   .     (no shield)
rPois  ∞         Gourm    .     n - +0 helmet
rElec  +         Spirit   .     (no cloak)
rCorr  .         Warding  .     (no gloves)
rMut   .         Stasis   .     (no boots)
MR     .....                    (no amulet)
Stlth  ++........               (no ring)
                                (no ring)

@: not resistant to hostile enchantments, unstealthy
A: negative energy resistance 1, electricity resistance, unbreathing,
petrification resistance, rot immunity, AC +4
a: no special abilities


You were on level 3 of the Dungeon.
You were not hungry.

You visited 1 branch of the dungeon, and saw 4 of its levels.

You collected 153 gold pieces.

Inventory:

Hand weapons
 e - a +1 short sword of speed
 o - a +0 hunting sling
 p - a +2 dagger of flaming (weapon)
 s - a +0 whip
Armour
 c - a +0 robe
 f - a +0 robe
 i - a +0 robe
 m - a +0 animal skin
 n - a +0 helmet (worn)
 u - a cursed -1 leather armour (worn)
Magical devices
 y - a wand of cold (13)
Scrolls
 l - a scroll of identify
Potions
 t - a potion of brilliance {unknown}
 v - 3 potions of curing {unknown}
 x - a potion of invisibility {unknown}
 A - a potion of cancellation {unknown}
Books
 d - a book of Geomancy

   Spells                             Type                      Level
   a - Sandblast                      Earth                        1
   b - Stoneskin                      Transmutation/Earth          2
   c - Passwall                       Transmutation/Earth          3
   d - Stone Arrow                    Conjuration/Earth            3
   e - Petrify                        Transmutation/Earth          4
   f - Lee's Rapid Deconstruction     Earth                        5
Comestibles
 a - 4 bread rations
 b - 2 chunks of flesh
 g - a slice of pizza
 k - 3 fruits
 w - a meat ration


   Skills:
 - Level 1.5 Dodging
 - Level 2.2 Stealth
 + Level 4.3 Spellcasting
   Level 0.7 Transmutations
 + Level 6.8 Earth Magic


You had 12 spell levels left.
You knew the following spells:

 Your Spells              Type           Power        Failure   Level  Hunger
a - Sandblast             Erth           ####..       1%          1    None


Dungeon Overview and Level Annotations

Branches:
Dungeon (4/15)
 Temple: D:4-7

Altars:


Innate Abilities, Weirdness & Mutations

You are resistant to torment.
You are immune to poison.
Your stone body is very resilient (AC +4).
You resist negative energy.
You are resistant to electric shocks.
You can survive without breathing.
You are immune to petrification.
You are immune to rotting.


Message History

Casting: Sandblast
Confirm with . or Enter, or press ? or * to list all spells.
Aiming: Sandblast
Press: ? - help, Shift-Dir - straight line, f/p - gnoll
Aim: a gnoll, wielding a halberd (severely wounded)
The blast of sand hits the gnoll.
The gnoll is severely wounded.
Casting: Sandblast
Confirm with . or Enter, or press ? or * to list all spells.
Aiming: Sandblast
Press: ? - help, Shift-Dir - straight line, f/p - gnoll
Aim: a gnoll, wielding a halberd (severely wounded)
The blast of sand hits the gnoll.
The gnoll is almost dead.
The gnoll hits you with a halberd!
* * * LOW HITPOINT WARNING * * *
You hit the gnoll but do no damage.
The gnoll is almost dead.
The gnoll hits you with a halberd!
You die...

#..........))[###........##..
#.8.8.8.8..#......##########.
############.####.#....# ##
#.......# ##...##.#....# #
#####.#####.# #.....#.#....#
......#.....#
#.....#.'....######
#######.#####
#.....###....#.....
#........<# #.....#
#....#..... #.###.....#
#g@[..# #....#..... ###.#
#.....# ####'## #....#.....
....# #.....#
#.####....#..... ....#
#.....# #.....##..).[...
...## #.....#
#####.#####..... ...#
#.....##########.# ######
...# ########......##.#######
.### #####......##.......# ##
#...............###.#


You could see a gnoll.

Vanquished Creatures
  A gnoll shaman (D:3)
  A hound (D:3)
  2 orc priests (D:3)
  2 orc wizards (D:3)
  Ijyb (D:3)
  Robin (D:2)
  An adder (D:2)
  A gnoll (D:4)
  2 worms (D:2)
  A giant gecko (D:1)
  9 orcs (D:3)
  A ball python (D:2)
  A bat (D:2)
  4 giant cockroaches
  20 goblins
  10 hobgoblins
  7 jackals (D:2)
  6 giant newts
  9 kobolds
  2 quokkas (D:3)
  7 rats
89 creatures vanquished.

Notes
Turn   | Place    | Note
--------------------------------------------------------------
     0 | D:1      | Yawgmoth, the Gargoyle Earth Elementalist, began the quest for the Orb.
     0 | D:1      | Reached XP level 1. HP: 10/10 MP: 3/3
   186 | D:1      | Reached skill level 4 in Earth Magic
   186 | D:1      | Reached XP level 2. HP: 15/15 MP: 1/4
  1105 | D:2      | Reached XP level 3. HP: 19/19 MP: 3/6
  1150 | D:2      | Noticed Robin
  1322 | D:2      | Killed Robin
  1585 | D:2      | Reached skill level 5 in Earth Magic
  1658 | D:2      | Reached XP level 4. HP: 2/24 MP: 1/8
  3062 | D:3      | Reached XP level 5. HP: 25/28 MP: 4/11
  3661 | D:3      | Reached skill level 6 in Earth Magic
  3672 | D:3      | Noticed Ijyb
  3683 | D:3      | Killed Ijyb
  4019 | D:3      | Reached XP level 6. HP: 32/32 MP: 12/14
  4437 | D:3      | Mangled by a gnoll

Action                   |  1- 3 |  4- 6 || total
-------------------------+-------+-------++-------
Melee: Short sword       |    15 |    47 ||    62
       Club              |     4 |       ||     4
       Dagger            |       |     2 ||     2
 Cast: Sandblast         |    72 |   112 ||   184
  Use: Potion            |       |     1 ||     1
       Scroll            |       |     5 ||     5
  Eat: Chunk             |     3 |     9 ||    12
